 Dungeon Sprint DCSS version 0.23-a0-391-g8c51ad5 (webtiles) character file.

258 emperorscorpion the Wallflower (level 6, -6/30 HPs)
             Began as a Vine Stalker Enchanter on Oct 30, 2018.
             Was a Follower of Uskayaw.
             Mangled by a vampire (9 damage)
             ... in the Dungeon (Sprint IX: "|||||||||||||||||||||||||||||").
             The game lasted 00:01:34 (412 turns).

emperorscorpion the Wallflower (VSEn)                Turns: 412, Time: 00:01:35

Health: -6/30      AC: 12    Str: 12    XL:     6   Next: 16%
Magic:  0/12       EV:  3    Int: 15    God:    Uskayaw [*.....]
Gold:   0          SH:  0    Dex: 15    Spells: 10/11 levels left

rFire    . . .     SeeInvis .   a - +2 rapier (drain)
rCold    . . .     Gourm    .   (no shield)
rNeg     . . .     Faith    .   s - +0 plate armour
rPois    .         Spirit   +   (no helmet)
rElec    .         Reflect  .   q - +0 cloak
rCorr    .         Harm     .   (no gloves)
MR       .....     NoTele   +   r - +0 pair of boots
Stlth    ..........             (no amulet)
HPRegen  0.50/turn              (no ring)
MPRegen  0.13/turn              (no ring)

@: no status effects
A: fangs 2, regeneration 1, magic shield, antimagic bite, no potion heal 3, rot
immunity
a: Stomp, Renounce Religion


You were in the Dungeon.
You worshipped Uskayaw.
Uskayaw was noncommittal.
You were not hungry.

You visited 1 branch

Inventory:

Hand Weapons
 a - a +2 rapier of draining (weapon)
 b - a +2 scimitar of flaming
 o - a +1 dagger
Armour
 p - a +0 robe
 q - a +0 cloak (worn)
 r - a +0 pair of boots (worn)
 s - a +0 plate armour (worn)
Magical Staves
 n - an uncursed staff of energy
Jewellery
 t - a +3 ring of dexterity
 u - a +3 ring of strength
Wands
 m - a wand of acid (8)
Scrolls
 j - 2 scrolls of blinking
 k - 3 scrolls of remove curse
 l - 2 scrolls of amnesia
Potions
 e - 4 potions of curing
 f - 3 potions of heal wounds
 g - a potion of haste
 h - 4 potions of magic
 i - a potion of invisibility
Comestibles
 c - 2 chunks of flesh
 d - a ration


   Skills:
 + Level 1.5 Fighting
 + Level 4.6 Short Blades
 + Level 1.0 Armour
 + Level 3.8 Dodging
 - Level 6.9 Stealth
 - Level 3.1 Spellcasting
 - Level 4.7 Hexes
 * Level 7.5 Invocations
 + Level 1.1 Evocations


You had 10 spell levels left.
You knew the following spells:

 Your Spells              Type           Power        Failure   Level  Hunger
a - Corona                Hex            ###....      100%        1    #......

Your spell library contained the following spells:

 Spells                   Type           Power        Failure   Level  Hunger
 Ensorcelled Hibernation  Hex/Ice        #.....       100%        2    ##.....
 Confuse                  Hex            ###.....     100%        3    ###....
 Dazzling Spray           Conj/Hex       #.....       100%        3    ###....
 Tukima's Dance           Hex            ###.....     100%        3    ###....


Dungeon Overview and Level Annotations

Branches:
Dungeon (1/1)

Altars:
Cheibriados
Dithmenos
Elyvilon
Fedhas
Gozag
Hepliaklqana
Kikubaaqudgha
Makhleb
Nemelex Xobeh
Okawaru
Qazlal
Ru
Sif Muna
Trog
Uskayaw
Vehumet
Wu Jian
Xom
Yredelemnul
Zin
The Shining One
Beogh
Jiyva
Lugonu


Innate Abilities, Weirdness & Mutations

You have extremely sharp teeth.
Your natural rate of healing is unusually fast.
When hurt, damage is shared between your health and your magic reserves.
Your bite disrupts and absorbs the magic of your enemies.
Potions cannot restore your health.
You are immune to rotting.


Message History

There is an open door to the Dungeon here.
Things that are here:
a +0 giant spiked club; an ogre corpse Something hits you.
* * * LOW HITPOINT WARNING * * *
Something bites you but does no damage.
Items here: ( )) †††
Okay, then.
You bump into the unnaturally hard rock wall.
Something hits you but does no damage. Something bites you.
* * * LOW HITPOINT WARNING * * *
Something draws strength from your injuries!
Your system rejects the healing.
You feel better. Something hits you!
* * * LOW HITPOINT WARNING * * *
Something bites you but does no damage.
You can no longer pass through a line of other dancers.
You hit something but do no damage. Your bite misses something.
Something completely misses you. Something bites you but does no damage.
You hit something but do no damage. You bite something. Something hits you!
You die... ▓▓▓▓▓▓▓▓▓▓▓▓▓▓▓▓▓▓▓▓▓▓▓ +....{@).....)...'_____ ▓▓▓▓▓▓▓▓▓▓▓▓▓▓▓▓▓▓▓▓▓▓▓

There were no monsters in sight!

Vanquished Creatures
  An ogre (D)
  A centaur (D)
  A jelly (D)
  2 worker ants (D)
  A dart slug (D)
  2 orcs (D)
  A bat skeleton (D)
  A giant cockroach (D)
  A ball python skeleton (D)
  2 bats (D)
  2 rats (D)
15 creatures vanquished.

Notes
Turn   | Place    | Note
-------+----------+-------------------------------------------
     0 | D        | emperorscorpion the Vine Stalker Enchanter began the quest
                  | for the Orb.
     0 | D        | Reached XP level 1. HP: 9/9 MP: 4/4
   203 | D        | Noticed a jelly
   205 | D        | Reached skill level 5 in Stealth
   205 | D        | Reached XP level 2. HP: 13/13 MP: 6/6
   213 | D        | Reached skill level 1 in Short Blades
   213 | D        | Reached XP level 3. HP: 11/16 MP: 2/8
   221 | D        | Found a roughly hewn altar of Beogh.
   221 | D        | Found a snail-covered altar of Cheibriados.
   221 | D        | Found a shadowy altar of Dithmenos.
   221 | D        | Found a white marble altar of Elyvilon.
   221 | D        | Found a blossoming altar of Fedhas.
   221 | D        | Found an opulent altar of Gozag.
   222 | D        | Found a hazy altar of Hepliaklqana.
   223 | D        | Found a viscous altar of Jiyva.
   224 | D        | Found an ancient bone altar of Kikubaaqudgha.
   225 | D        | Found a corrupted altar of Lugonu.
   226 | D        | Found a burning altar of Makhleb.
   227 | D        | Found a sparkling altar of Nemelex Xobeh.
   228 | D        | Found an iron altar of Okawaru.
   229 | D        | Found a stormy altar of Qazlal.
   230 | D        | Found a sacrificial altar of Ru.
   231 | D        | Found a deep blue altar of Sif Muna.
   232 | D        | Found a bloodstained altar of Trog.
   233 | D        | Found a hide-covered altar of Uskayaw.
   234 | D        | Found a radiant altar of Vehumet.
   235 | D        | Found an ornate altar of the Wu Jian Council.
   236 | D        | Found a shimmering altar of Xom.
   237 | D        | Found a basalt altar of Yredelemnul.
   238 | D        | Found a glowing silver altar of Zin.
   239 | D        | Found a glowing golden altar of the Shining One.
   241 | D        | Became a worshipper of Uskayaw the Reveler
   392 | D        | Noticed a vampire
   392 | D        | Noticed a centaur
   392 | D        | Noticed an ogre
   393 | D        | Reached skill level 2 in Invocations
   393 | D        | Gained mutation: Your natural rate of healing is unusually
                  | fast. [Vine Stalker growth]
   393 | D        | Reached XP level 4. HP: 21/21 MP: 9/9
   393 | D        | Reached * piety under Uskayaw
   394 | D        | Killed an ogre
   394 | D        | Reached skill level 1 in Fighting
   394 | D        | Reached skill level 5 in Invocations
   394 | D        | Reached XP level 5. HP: 14/25 MP: 5/10
   394 | D        | Killed a centaur
   394 | D        | Reached skill level 1 in Armour
   394 | D        | Reached skill level 7 in Invocations
   394 | D        | Reached skill level 1 in Evocations
   394 | D        | Reached XP level 6. HP: 17/30 MP: 5/12
   394 | D        | Reached ** piety under Uskayaw
   399 | D        | Reached *** piety under Uskayaw
   412 | D        | Mangled by a vampire

Vault maps used:
D:        linesprint

Skill      XL: |  1  2  3  4  5 |
---------------+----------------+-----
Stealth        | 5 6 |  6.9
Short Blades   | 1 2 3 4 |  4.6
Dodging        | 2 3 |  3.8
Spellcasting   | 3 |  3.1
Hexes          | 4 |  4.7
Invocations    | 2 5 7 |  7.5
Fighting       | 1 |  1.5
Armour         | 1 |  1.0
Evocations     | 1 |  1.1

Action                   |  1- 3 |  4- 6 || total
-------------------------+-------+-------++-------
Melee: Dagger            |    16 |       ||    16
       Bite              |     4 |     4 ||     8
       Rapier            |       |     9 ||     9
Evoke: Wand              |       |     2 ||     2
  Use: Potion            |     1 |     1 ||     2
 Stab: Sleeping          |     7 |       ||     7
       Paralysed         |       |     1 ||     1
Armor: Plate armour      |       |     9 ||     9
Dodge: Dodged            |     3 |     3 ||     6

Table legend:
 A = Non-vault XP
 B = Vault XP
 C = Vault XP percentage of total XP
 D = Non-vault monster count
 E = Vault monster count
 F = Vault count percentage of total count
                 A         B        C        D         E       F
            +---------+---------+-------+---------+---------+-------
      Total |       0 |     369 | 100.0 |       0 |      15 | 100.0
            +---------+---------+-------+---------+---------+-------
          D |       0 |     369 | 100.0 |       0 |      15 | 100.0
            +---------+---------+-------+---------+---------+-------
